 Dungeon Crawl Stone Soup version 0.24-a0-586-g8e0e932a4c (webtiles) character file.

Game seed: 13341736175576622493, levelgen mode: deterministic

69231 Gargoyl the Schismatic (level 14, -5/118 HPs)
             Began as a Centaur Abyssal Knight on Sept 8, 2019.
             Was an Elder of Lugonu.
             Slain by Jorgrun
             ... wielding a +0 quarterstaff of crushing
              (10 damage)
             ... on level 14 of the Dungeon.
             The game lasted 00:48:10 (36616 turns).

Gargoyl the Schismatic (Centaur Abyssal Knight)    Turns: 36616, Time: 00:48:10

Health: -5/118     AC: 25    Str: 18    XL:     14   Next: 89%
Magic:  41/41      EV:  6    Int: 11    God:    Lugonu [****..]
Gold:   1586       SH: 10    Dex: 15    Spells: 13/13 levels left

rFire    . . .     SeeInvis .   a - +3 hand axe (protect)
rCold    . . .     Gourm    .   m - +0 shield
rNeg     + + .     Faith    .   b - +3 scale mail of Yesterday {-Cast rN++ MP+9 Dex+4}
rPois    +         Spirit   .   q - +1 helmet
rElec    .         Reflect  .   A - scarf {repulsion}
rCorr    .         Harm     .   D - +0 pair of gloves
MR       +....     NoCast   +   C - +4 centaur barding {Fly}
Stlth    ..........             y - amulet of rage
HPRegen  0.29/turn              j - ring of poison resistance
MPRegen  0.27/turn              B - ring of magical power

@: grasped by roots, berserk cooldown, flying, slowed, constricted, repel
missiles
A: large, hooves 3, deformed body, speed 2, tough skin 3
a: Depart the Abyss, Bend Space, Banish, Corrupt, Renounce Religion, Evoke
Berserk Rage, Stop Flying


You were on level 14 of the Dungeon.
You worshipped Lugonu.
Lugonu was greatly pleased with you.
You were not hungry.

You visited 2 branches of the dungeon, and saw 20 of its levels.
You visited the Abyss 2 times.

You collected 1586 gold pieces.

Inventory:

Hand Weapons
 a - a +3 hand axe of protection (weapon)
 N - the +1 war axe of Hoar {antimagic, rF+ Dex+4}
   (You found it on level 5 of the Lair of Beasts)

   It reduces the magical energy of the wielder, and disrupts the spells and
   magical abilities of those hit.
   Natural abilities and divine invocations are not affected.
   It affects your dexterity (+4).
   It protects you from fire.
Missiles
 v - 20 boomerangs (quivered)
Armour
 b - the +3 scale mail of Yesterday (worn) {-Cast rN++ MP+9 Dex+4}
   (You found it on level 4 of the Dungeon)

   It affects your dexterity (+4).
   It greatly protects you from negative energy.
   It affects your magic capacity (+9).
   It prevents spellcasting.
 m - a +0 shield (worn)
 q - a +1 helmet (worn)
 A - a scarf of repulsion (worn)
 C - a +4 centaur barding of flying (worn)
 D - a +0 pair of gloves (worn)
Jewellery
 j - a ring of poison resistance (left hand)
 y - an amulet of rage (around neck)
 B - a ring of magical power (right hand)
 K - a +3 amulet of reflection
 T - an uncursed amulet of regeneration
Wands
 e - a wand of disintegration (24)
 l - a wand of iceblast (8)
 x - a wand of enslavement (15)
 z - a wand of polymorph (18)
 F - a wand of paralysis (13)
 I - a wand of acid (14)
 O - a wand of flame (6)
 Q - a wand of scattershot (6)
Scrolls
 d - 14 scrolls of teleportation
 f - 6 scrolls of remove curse
 k - 2 scrolls of blinking
 w - 2 scrolls of magic mapping
 G - a scroll of fog
 H - 2 scrolls of summoning
 R - 4 scrolls of identify
Potions
 g - a potion of magic
 h - 3 potions of berserk rage
 i - a potion of curing
 n - 2 potions of haste
 o - 2 potions of flight {unknown}
 p - a potion of ambrosia {unknown}
 r - a potion of degeneration {unknown}
 s - 2 potions of cancellation {unknown}
 t - 4 potions of resistance {unknown}
 u - 5 potions of lignification {unknown}
 J - 2 potions of invisibility
 L - 2 potions of brilliance {unknown}
 M - a potion of might
 P - a potion of mutation
Miscellaneous
 E - a box of beasts
Comestibles
 c - 37 rations


   Skills:
 + Level 9.0 Fighting
 + Level 11.6 Axes
 + Level 4.2 Throwing
 * Level 10.4 Armour
 * Level 7.9 Dodging
 + Level 6.7 Shields
 * Level 12.3 Invocations
 + Level 1.3 Evocations


You had 13 spell levels left.
You didn't know any spells.
Your spell library contained the following spells:

 Spells                   Type           Power        Failure   Level  Hunger
 Animate Skeleton         Necr           N/A          82%         1    ##.....
 Apportation              Tloc           #.....       82%         1    ##.....
 Confusing Touch          Hex            #.....       82%         1    ##.....
 Pain                     Necr           #...         82%         1    ##.....
 Summon Small Mammal      Summ           #...         82%         1    ##.....
 Call Imp                 Summ           #.......     91%         2    ###....
 Call Canine Familiar     Summ           #.......     99%         3    ####...
 Regeneration             Chrm/Necr      #.........   99%         3    ####...
 Summon Guardian Golem    Hex/Summ       #.......     99%         3    ####...
 Vampiric Draining        Necr           #.........   99%         3    ####...
 Animate Dead             Necr           N/A          100%        4    #####..
 Summon Ice Beast         Ice/Summ       #.......     100%        4    #####..
 Summon Lightning Spire   Summ/Air       #.......     100%        4    #####..


Dungeon Overview and Level Annotations

Branches:
Dungeon (14/15)            Temple (0/1) D:5            Lair (6/6) D:10
 Shoals (0/4) Lair:3       Spider (0/4) Lair:2        Slime (0/5) Lair:6
    Orc (0/2) D:12         Vaults (0/5) D:13

Altars:
Ashenzari
Cheibriados
Fedhas
Hepliaklqana
Kikubaaqudgha
Qazlal
Vehumet
Wu Jian
Yredelemnul
Zin
The Shining One

Portals:
Trove: D:13 (give 8 potions of haste)

Annotations:
D:14 Jorgrun
Lair:4 corrupted, exclusion: 4 oklob plants
Abyss:1 Psyche, Sonja


Innate Abilities, Weirdness & Mutations

You have hooves in place of feet.
Armour fits poorly on your strangely shaped body.
You cover ground very quickly.
You have extremely tough skin. (AC +3)


Message History

The grasping roots constrict you!
You see here a cursed +0 halberd.
The roots' grasp on you weakens, but your attempt to escape fails.
Jorgrun points at you and mumbles some strange words.
The iron shot hits you!!
* * * LOW HITPOINT WARNING * * *
x2 The grasping roots constrict you.
* * * LOW HITPOINT WARNING * * *
The grasping roots constrict you!
Okay, then.
Okay, then.
Okay, then.
You feel better. Jorgrun casts a spell at you.
You struggle to resist.
The grasping roots constrict you.
As you read the scroll of summoning, it crumbles to dust.
Wisps of shadow whirl around you... Jorgrun hits you but does no damage.
* * * LOW HITPOINT WARNING * * *
The grasping roots constrict you! Jorgrun hits you but does no damage.
You die...

#...# ### ##......##≈.≈#
##...####≈########.......##≈.≈###
....=...≈≈≈.........._.....≈≈≈...
...≈..≈≈≈≈.......[[..............
..≈≈≈≈≈≈.........<...............
≈≈≈..............>[[.............
........)........................
..................a...(.....[....
.............?.W@WW..............
........)^>.....g................
..............T.p.....###...<....
.#...##########W#################
##...# #.# #≈≈### ##...# #.#
#≈≈≈≈# ##...# #.# #≈##≈# ##...#
#.## ###≈≈#
##...##########..######≈≈≈#


You could see Jorgrun, a friendly death knight, 2 friendly freezing wraiths, a
friendly troll, a friendly soldier ant and 2 friendly wraiths.

Vanquished Creatures
  Agnes (D:14)
  Kirke (D:14)
  Snorg (D:10)
  A hydra (D:13)
  3 catoblepae
  6 death yaks (Lair:6)
  2 two-headed ogres (D:13)
  A deep troll shaman (Lair:6)
  2 skeletal warriors
  A deep troll (D:13)
  An unseen horror (D:9)
  An orc knight (D:14)
  A wolf spider zombie (D:13)
  An orc sorcerer (D:14)
  3 manticores
  A deep elf mage (D:13)
  A cyclops (D:13)
  6 elephants (Lair:6)
  2 centaur zombies
  5 black mambas
  8 spiny frogs
  A gargoyle (D:11)
  2 torpor snails
  2 rime drakes (Lair:4)
  6 komodo dragons
  A polar bear (Lair:5)
  3 meliai (D:12)
  3 trolls
  A queen bee (D:12)
  9 slime creatures
  A jumping spider (Lair:2)
  A large abomination (Abyss:1)
  Grinder (D:5)
  6 hippogriffs
  26 blink frogs
  Sigmund (D:2)
  2 vampires
  A water elemental (D:12)
  2 wraiths (D:13)
  73 yaks
  3 wyverns
  4 hogs
  A basilisk (Lair:2)
  A human (D:8)
  Menkaure (D:5)
  5 hungry ghosts
  15 vampire mosquitoes
  20 water moccasins
  8 porcupines
  5 sky beasts
  3 phantoms
  5 ice beasts
  2 orc warriors
  A spiny frog skeleton (Abyss:1)
  A necrophage (D:9)
  7 black bears
  9 centaurs
  10 ogres
  13 wolves
  10 crocodiles
  2 big kobolds
  13 bullfrogs
  A gnoll sergeant (D:6)
  2 wyvern zombies (D:12)
  14 scorpions
  20 killer bees
  11 wights
  2 howler monkeys
  9 crimson imps
  2 bullfrog zombies (D:11)
  5 hounds
  6 orc priests
  Crazy Yiuf (D:5)
  A centaur skeleton (D:4)
  5 jellies
  An iguana (D:4)
  7 orc wizards
  14 worker ants
  3 hound zombies
  A worker ant zombie (D:11)
  5 gnolls
  A howler monkey skeleton (D:11)
  17 adders
  3 shadow imps
  4 oozes (Lair:6)
  2 adder zombies
  An adder skeleton (D:7)
  A worm (D:2)
  A dart slug (D:2)
  5 leopard geckos
  25 orcs
  3 ball pythons
  7 bats
  4 giant cockroaches
  5 goblins (D:2)
  12 hobgoblins
  13 jackals
  20 kobolds
  2 quokkas
  5 frilled lizards
  9 rats
  4 fungi
  A plant (D:10)
585 creatures vanquished.

Vanquished Creatures (others)
  Nessos (D:13)
  2 hydras
  3 unseen horrors
  An oklob plant (D:10)
  A jumping spider (Lair:2)
  A human (D:14)
  A water moccasin (Lair:4)
  2 porcupines (Lair:4)
  3 fungi
  5 plants
20 creatures vanquished.

Grand Total: 605 creatures vanquished

Notes
Turn   | Place    | Note
-------+----------+-------------------------------------------
     0 | Abyss:1  | Gargoyl the Centaur Abyssal Knight began the quest for the
                  | Orb.
     0 | Abyss:1  | Reached XP level 1. HP: 19/19 MP: 2/2
    72 | Abyss:1  | Noticed a spatial vortex
    96 | Abyss:1  | Noticed a large abomination
   132 | Abyss:1  | Noticed a ynoxinul
   139 | Abyss:1  | Noticed a brown very ugly thing
   149 | D:1      | Escaped the Abyss
   504 | D:1      | Reached XP level 2. HP: 26/26 MP: 3/3
   530 | D:1      | Reached * piety under Lugonu
   565 | D:1      | Reached skill level 1 in Dodging
   958 | D:1      | Reached XP level 3. HP: 27/31 MP: 4/4
  1790 | D:2      | Reached ** piety under Lugonu
  2168 | D:2      | Reached XP level 4. HP: 36/38 MP: 5/5
  2333 | D:2      | Noticed Sigmund
  2355 | D:2      | Killed Sigmund
  2355 | D:2      | Reached skill level 3 in Invocations
  2355 | D:2      | Reached XP level 5. HP: 20/45 MP: 5/7
  2754 | D:2      | Reached XP level 6. HP: 45/51 MP: 8/8
  4090 | D:4      | Found an ancient bone altar of Kikubaaqudgha.
  4130 | D:4      | Got a faintly glowing scale mail
  4141 | D:4      | Identified the +3 scale mail of Yesterday {-Cast rN++ MP+9
                  | Dex+4} (You found it on level 4 of the Dungeon)
  4725 | D:4      | Got a smoking battleaxe
  4726 | D:4      | Identified the cursed +0 battleaxe of Exquisite Torment
                  | {chop, rC++} (You found it on level 4 of the Dungeon)
  4870 | D:5      | Entered Level 5 of the Dungeon
  4899 | D:5      | Got a pitted ring mail
  4900 | D:5      | Identified the +2 ring mail of Dentuecupi {*Contam Dex+5
                  | SInv} (You found it on level 5 of the Dungeon)
  4969 | D:5      | Noticed Menkaure
  5494 | D:5      | Killed Menkaure
  5494 | D:5      | Reached XP level 7. HP: 7/58 MP: 9/9
  5831 | D:5      | Noticed Grinder
  5963 | D:5      | Paralysed by Grinder for 7 turns
  5985 | D:5      | Killed Grinder
  5985 | D:5      | Reached skill level 4 in Invocations
  6011 | D:5      | Reached skill level 1 in Shields
  6242 | D:5      | Reached XP level 8. HP: 48/66 MP: 11/11
  6382 | D:5      | Found a staircase to the Ecumenical Temple.
  6651 | D:5      | Found a runed translucent door.
  6652 | D:5      | Noticed Crazy Yiuf
  6752 | D:5      | Killed Crazy Yiuf
  7011 | D:6      | Found an ornate altar of the Wu Jian Council.
  7011 | D:6      | Found a blossoming altar of Fedhas.
  7011 | D:6      | Found a shattered altar of Ashenzari.
  7018 | D:6      | Found a hazy altar of Hepliaklqana.
  7189 | D:6      | Reached *** piety under Lugonu
  7226 | D:6      | Reached skill level 5 in Armour
  7264 | D:6      | Reached skill level 5 in Axes
  7264 | D:6      | Reached skill level 5 in Invocations
  7815 | D:6      | Reached XP level 9. HP: 60/72 MP: 13/13
  8530 | D:7      | Reached skill level 1 in Throwing
  8594 | D:7      | Found a glowing golden altar of the Shining One.
  9237 | D:7      | Reached skill level 6 in Invocations
  9316 | D:7      | Reached **** piety under Lugonu
  9439 | D:7      | Found the +7 Singing Sword {slice, sonic wave}
  9648 | D:7      | Got a clouded turquoise ring
  9806 | D:7      | Identified the ring "Juwi" {Ice rPois MR- Dex+4} (You found
                  | it on level 7 of the Dungeon)
 10025 | D:8      | Reached XP level 10. HP: 79/80 MP: 15/15
 10117 | D:8      | Noticed Psyche
 10132 | D:8      | Paralysed by Psyche for 7 turns
 10139 | D:8      | Banished Psyche
 10151 | D:8      | HP: 4/80 [adder (2)]
 10480 | D:8      | Reached skill level 7 in Invocations
 10572 | D:8      | Reached skill level 5 in Fighting
 10583 | D:8      | Gained mutation: You tend to lose your temper in combat.
                  | [potion of mutation]
 10583 | D:8      | Gained mutation: You are somewhat resistant to further
                  | mutation. [potion of mutation]
 10583 | D:8      | Lost mutation: You tend to lose your temper in combat.
                  | [potion of mutation]
 12265 | D:9      | Reached ***** piety under Lugonu
 12281 | D:9      | Found a glowing silver altar of Zin.
 12355 | D:9      | Found a radiant altar of Vehumet.
 12758 | D:9      | Found a snail-covered altar of Cheibriados.
 12781 | D:10     | Entered Level 10 of the Dungeon
 12999 | D:9      | Reached skill level 8 in Invocations
 13235 | D:10     | Reached XP level 11. HP: 71/88 MP: 17/17
 13428 | D:10     | Lost mutation: You are somewhat resistant to further
                  | mutation. [potion of mutation]
 13428 | D:10     | Gained mutation: You have supernaturally acute eyesight.
                  | (SInv) [potion of mutation]
 13428 | D:10     | Gained mutation: Your body sometimes deteriorates upon
                  | taking damage. [potion of mutation]
 13428 | D:10     | Gained mutation: Your flesh is heat resistant. (rF+)
                  | [potion of mutation]
 13435 | D:10     | Found a staircase to the Lair.
 13435 | D:10     | Noticed an oklob plant
 13451 | D:10     | Banished an oklob plant
 13584 | D:10     | Noticed Snorg
 13645 | D:10     | Killed Snorg
 13978 | D:10     | Noticed Sonja
 13988 | D:10     | Banished Sonja
 14177 | D:10     | Noticed an unseen horror
 14377 | D:9      | Killed an unseen horror
 15108 | D:10     | Reached skill level 5 in Dodging
 15698 | Lair:1   | Entered Level 1 of the Lair of Beasts
 17088 | Lair:1   | Reached skill level 9 in Invocations
 17433 | Lair:1   | Identified a scroll of acquirement
 18479 | Lair:2   | Found a hole to the Spider Nest.
 18493 | Lair:2   | Reached XP level 12. HP: 61/96 MP: 18/18
 18669 | Lair:2   | Lost mutation: Your body sometimes deteriorates upon taking
                  | damage. [potion of mutation]
 18669 | Lair:2   | Lost mutation: Your flesh is heat resistant. (rF+) [potion
                  | of mutation]
 18669 | Lair:2   | Lost mutation: You have supernaturally acute eyesight.
                  | (SInv) [potion of mutation]
 18669 | Lair:2   | Gained mutation: You are clumsy. (Dex -2) [potion of
                  | mutation]
 18669 | Lair:2   | Lost mutation: You are clumsy. (Dex -2) [potion of
                  | mutation]
 20713 | Lair:3   | Noticed a four-headed hydra
 20716 | Lair:3   | Banished a four-headed hydra
 20919 | Lair:3   | Found a staircase to the Shoals.
 20984 | Lair:3   | Reached skill level 10 in Invocations
 21169 | Lair:3   | Noticed a catoblepas
 21206 | Lair:3   | Killed a catoblepas
 22992 | Lair:4   | Corrupted Lair:4
 22992 | Lair:4   | Noticed a tentacled starspawn
 22992 | Lair:4   | Noticed a starcursed mass
 23705 | Lair:4   | Escaped the Abyss
 24075 | Lair:5   | Reached XP level 13. HP: 105/105 MP: 20/20
 24444 | Lair:5   | Got a fine war axe
 24445 | Lair:5   | Identified the cursed +1 war axe of Hoar {antimagic, rF+
                  | Dex+4} (You found it on level 5 of the Lair of Beasts)
 24781 | Lair:5   | Reached skill level 5 in Shields
 25570 | Lair:6   | Entered Level 6 of the Lair of Beasts
 26304 | Lair:6   | Reached skill level 10 in Axes
 26688 | Lair:6   | Reached skill level 11 in Invocations
 26707 | Lair:6   | Found a staircase to the Slime Pits.
 28637 | Lair:6   | Reached skill level 1 in Evocations
 29319 | D:11     | Reached XP level 14. HP: 115/115 MP: 22/22
 29320 | D:11     | Reached skill level 10 in Armour
 30620 | D:12     | Found a staircase to the Orcish Mines.
 31486 | D:12     | Found a basalt altar of Yredelemnul.
 33215 | D:13     | Found a gate to the Vaults.
 33247 | D:13     | Noticed Nessos
 33566 | D:13     | Killed Nessos
 34069 | D:13     | Got steaming quicksilver dragon scales
 34070 | D:13     | Identified the quicksilver dragon scales of the Seven of
                  | Wands {*Drain rElec MR+ Str-2 Int+7} (You found it on level
                  | 13 of the Dungeon)
 34166 | D:13     | Found a portal to a secret trove of treasure.
 34471 | D:13     | Reached skill level 12 in Invocations
 35160 | D:14     | Found a stormy altar of Qazlal.
 35271 | D:14     | Noticed Kirke
 35288 | D:14     | Noticed a sphinx
 35506 | D:14     | Killed Kirke
 35814 | D:14     | Noticed Agnes
 35845 | D:14     | Killed Agnes
 36142 | D:14     | Noticed Jorgrun
 36616 | D:14     | HP: 5/118 [Jorgrun/+0 quarterstaff of crushing (8)]
 36616 | D:14     | Slain by Jorgrun

Levels and vault maps discovered:
D:1:      lemuel_arrival_broad_hall, layout_basic
D:2:      layout_basic, uniq_sigmund
D:3:      layout_loops_ring
D:4:      layout_basic, kiku_gazebo_garden_becter, first_ration
D:5:      layout_loops_ring, minmay_temple_entry_large_hall, uniq_menkaure,
          uniq_grinder, uniq_crazy_yiuf_cottage
D:6:      layout_cave_pools, nicolae_overflow_quartered_altars,
          grunt_decor_one_mirror
D:7:      old_forge, layout_basic, nicolae_overflow_hidden_temple
D:8:      layout_loops_cross, grunt_livestock, dk_noncrumbling_4, uniq_psyche
D:9:      layout_cave_pools, gammafunk_temple_overflow_forgotten,
          patterned_corridor
D:10:     layout_layer_cave, dpeg_oklobed_lair, uniq_snorg, uniq_sonja
D:11:     layout_roguey
D:12:     layout_roguey [special_room_bee], kennysheep_path_1,
          yredelemnul_altar_generic
D:13:     layout_basic, david_vaults_4, trove_entry_hex_spiral,
          kennysheep_generic_room_5, uniq_nessos
D:14:     layout_cross, basic_altar, serial_rivers,
          chequers_serial_rivers_marsh, chequers_serial_rivers_micro_d,
          chequers_serial_rivers_small_3, chequers_serial_rivers_micro_a,
          chequers_serial_rivers_small_a, chequers_serial_rivers_large_a,
          enter_bailey_3, uniq_jorgrun, uniq_kirke, uniq_agnes
Lair:1:   layout_chaotic_city, st_stairs_10, grunt_megastairs_4
Lair:2:   layout_gridlike, spider_nest_entry_a, grunt_megastairs_3
Lair:3:   beast_lair_carwin_large_1, layout_cave_pods, shoals_dummy_entry,
          grunt_megastairs_1
Lair:4:   dpeg_oklob_gauntlet, layout_small_grid
Lair:5:   layout_misc_corridors, minivault_26, gammafunk_lair_bear_cave
Lair:6:   grunt_lair_end_beastmaster, layout_regular_city,
          nicolae_slime_entry_slimehenge

Skill      XL: |  1  2  3  4  5  6  7  8  9 10 11 12 13 14 |
---------------+-------------------------------------------+-----
Dodging        | 1 2 3 4 5 6 7 |  7.9
Axes           | 2 3 4 5 6 7 8 9 10 11 | 11.6
Armour         | 2 3 4 5 6 7 8 9 10 | 10.4
Invocations    | 3 4 5 6 8 9 10 11 12 | 12.3
Shields        | 1 2 3 4 5 6 |  6.7
Fighting       | 4 5 6 7 8 9 |  9.0
Throwing       | 1 2 3 4 |  4.2
Evocations     | 1 |  1.3

Action                   |  1- 3 |  4- 6 |  7- 9 | 10-12 | 13-15 || total
-------------------------+-------+-------+-------+-------+-------++-------
Melee: Hand axe          |   123 |   132 |   419 |  1239 |  1373 ||  3286
       Kick              |    19 |    33 |   134 |   458 |   560 ||  1204
       Unarmed           |       |       |       |       |     6 ||     6
Throw: Javelin           |       |     2 |    18 |    53 |       ||    73
       Boomerang         |       |       |       |    51 |    32 ||    83
Invok: Depart the Abyss  |     1 |       |       |     1 |       ||     2
       Banish            |       |       |       |     7 |    10 ||    17
       Bend Space        |       |       |       |     2 |       ||     2
       Corrupt           |       |       |       |     1 |       ||     1
       Enter the Abyss   |       |       |       |     1 |       ||     1
 Abil: Evoke Berserk Rag |       |       |       |     3 |    18 ||    21
Evoke: Wand              |       |       |       |     4 |     3 ||     7
  Use: Potion            |     2 |     3 |       |     9 |     4 ||    18
       Scroll            |     7 |     5 |     2 |    11 |    15 ||    40
 Stab: Petrified         |       |       |       |       |    19 ||    19
       Petrifying        |       |       |       |       |     4 ||     4
  Eat: Chunk             |     2 |     7 |    11 |    34 |    38 ||    92
       Ration            |       |     1 |     2 |     5 |     6 ||    14
Armor: Scale mail        |    88 |    65 |   266 |   758 |   921 ||  2098
Dodge: Dodged            |    53 |    32 |   115 |   358 |   413 ||   971
       Deflected         |       |       |       |     4 |    10 ||    14
Block: Shield            |       |    29 |   183 |   558 |   756 ||  1526
       Reflection        |       |       |       |       |     3 ||     3

Table legend:
 A = Non-vault XP
 B = Vault XP
 C = Vault XP percentage of total XP
 D = Non-vault monster count
 E = Vault monster count
 F = Vault count percentage of total count
                 A         B        C        D         E       F
            +---------+---------+-------+---------+---------+-------
      Total |   69297 |   29605 |  29.9 |     480 |     112 |  18.9
            +---------+---------+-------+---------+---------+-------
        D:1 |      66 |       0 |   0.0 |      32 |       0 |   0.0
        D:2 |      82 |     238 |  74.4 |      24 |       1 |   4.0
        D:3 |      39 |       0 |   0.0 |      15 |       0 |   0.0
        D:4 |     240 |       0 |   0.0 |       8 |       0 |   0.0
        D:5 |     874 |     479 |  35.4 |      17 |       3 |  15.0
        D:6 |    1650 |       0 |   0.0 |      30 |       0 |   0.0
        D:7 |    1300 |     529 |  28.9 |      24 |      13 |  35.1
        D:8 |    1075 |    1331 |  55.3 |      16 |       6 |  27.3
        D:9 |    3816 |       0 |   0.0 |      31 |       0 |   0.0
       D:10 |    2278 |    1948 |  46.1 |      24 |       3 |  11.1
       D:11 |    8305 |      61 |   0.7 |      50 |       1 |   2.0
       D:12 |    5610 |    2424 |  30.2 |      32 |      23 |  41.8
       D:13 |    7756 |    3854 |  33.2 |      30 |       7 |  18.9
       D:14 |    4320 |    4177 |  49.2 |      16 |       2 |  11.1
     Lair:1 |    3796 |     151 |   3.8 |      20 |       1 |   4.8
     Lair:2 |    4280 |    2199 |  33.9 |      19 |       9 |  32.1
     Lair:3 |    5418 |    1721 |  24.1 |      19 |      13 |  40.6
     Lair:4 |    2617 |       0 |   0.0 |      12 |       0 |   0.0
     Lair:5 |    5039 |     562 |  10.0 |      22 |       3 |  12.0
     Lair:6 |   10332 |    9931 |  49.0 |      37 |      27 |  42.2
    Abyss:1 |     404 |       0 |   0.0 |       2 |       0 |   0.0
            +---------+---------+-------+---------+---------+-------
